[Event "Early-Titled-Tuesday-Blitz-November-28-2023"]
[Site "Chess.com"]
[Date "2023.11.28"]
[Round "6"]
[White "Grandelicious"]
[Black "GMBenjaminBok"]
[Result "1-0"]
[WhiteElo "2927"]
[BlackElo "3021"]
[TimeControl "180+1"]
[EndTime "9:13:02 PST"]
[Termination "Grandelicious won by checkmate"]

1. d4 Nf6 2. c4 e6 3. Nf3 b6 4. a3 Bb7 5. Nc3 d5 6. cxd5 Nxd5 7. e3 Nxc3 8. bxc3 Be7 9. Bb5+ c6 10. Bd3 c5 11.
O-O Nd7 12. e4 O-O 13. Bf4 Nf6 14. Qe2 Nh5 15. Be3 Qc7 16. Ne5 Nf6 17. Bf4 Bd6 18. Bg3 Rac8 19. a4 Rfd8 20. h3 cxd4 21. cxd4 Qb8 22.
Nxf7 Bxg3 23. fxg3 Rxd4 24. e5 Ne4 25. Qe3 Rb4 26. Rf4 Rb3 27. Raf1 Nc5 28. Rg4 Rxd3 29. Rxg7+ Kxg7 30. Qg5+ Kf8 31. Nd6+ Bf3 32. Qf6+ Kg8 33. Qf7+ Kh8 34. Qf6+ Kg8 35. Nf7 Rc7 36. Nh6# 1-0

[Event "Early-Titled-Tuesday-Blitz-November-28-2023"]
[Site "Chess.com"]
[Date "2023.11.28"]
[Round "6"]
[White "IwkooO"]
[Black "Chessmissile07"]
[Result "1-0"]
[WhiteElo "2675"]
[BlackElo "2850"]
[TimeControl "180+1"]
[EndTime "9:13:02 PST"]
[Termination "IwkooO won by checkmate"]

1. e4 a6 2. d4 c6 3. Nf3 d5 4. Nbd2 Bg4 5. c3 e6 6. Qb3 Qc7 7. Ne5 Bh5 8. Bd3 Nf6 9. O-O Nbd7 10. exd5 Nxe5 11. dxe5 Nxd5 12. Ne4 Be7 13. Nd6+ Bxd6 14.
exd6 Qd7 15. c4 Nf6 16. c5 Bg6 17. Bf4 Bxd3 18. Qxd3 Nd5 19. Be5 f6 20. Bc3 O-O 21.
Rae1 e5 22. Ba5 Rae8 23. f3 Kh8 24. Bd2 Qe6 25. Re2 Qd7 26. Rfe1 b6 27. cxb6 Qxd6 28. f4 Qb8 29. Qxa6 Nxb6 30. fxe5 fxe5 31. Bc3 Nd7 32.
Qxc6 Qa7+ 33. Kh1 Rf6 34. Qb5 Ref8 35. Re4 Nc5 36. Rxe5 Na4 37. Bb4 Rb6 38. Re8 Rg8 39. Rxg8+ Kxg8 40. Qe8# 1-0

[Event "Early-Titled-Tuesday-Blitz-November-28-2023"]
[Site "Chess.com"]
[Date "2023.11.28"]
[Round "6"]
[White "falzehope0"]
[Black "Journey_to_GrandMaster_YT"]
[Result "1-0"]
[WhiteElo "2369"]
[BlackElo "2528"]
[TimeControl "180+1"]
[EndTime "9:13:02 PST"]
[Termination "falzehope0 won on time"]

1. d4 d6 2. e3 Nf6 3. Bd3 Nbd7 4.
f4 e5 5. Ne2 e4 6. Bc4 d5 7.
Bb3 c6 8. c4 Nb6 9. cxd5 cxd5 10. Nbc3 Be6 11. O-O Qd7 12. Ng3 g6 13. Bd2 Bd6 14.
Na4 O-O 15. Nc5 Bxc5 16. dxc5 Nc4 17. Qc1 Rac8 18. Bc3 Ng4 19. Bd4 f5 20. Bd1 Nf6 21.
b3 Nd6 22. Qb2 Nde8 23. Be2 a6 24. b4 Qf7 25. a4 h5 26. Nh1 Nd7 27. Nf2 Nc7 28.
Nh3 Qe7 29. Ng5 Bf7 30. Bh8 Be8 31. Rfd1 a5 32. Bd4 Na6 33. Bxa6 bxa6 34. Rac1 axb4 35.
Qxb4 Nb8 36. Ba1 Nc6 37. Qc3 d4 38. exd4 Qf6 39. Qc4+ Bf7 40. d5 Na5 41. Qb4 Qd8 42.
Qc3 1-0

[Event "Early-Titled-Tuesday-Blitz-November-28-2023"]
[Site "Chess.com"]
[Date "2023.11.28"]
[Round "6"]
[White "Alen_Yeremyann"]
[Black "Iskusnyh"]
[Result "1/2-1/2"]
[WhiteElo "2776"]
[BlackElo "2562"]
[TimeControl "180+1"]
[EndTime "9:13:03 PST"]
[Termination "Game drawn by repetition"]

1. e4 e6 2. Nc3 d5 3. Qe2 Nf6 4. exd5 Nxd5 5. g3 Nc6 6. Nf3 Be7 7. Bg2 O-O 8. d3 Bf6 9. Ne4 Be7 10. O-O Nf6 11.
Nxf6+ Bxf6 12. c3 e5 13. b4 Nxb4 14. Nxe5 Bxe5 15. Qxe5 Nxd3 16. Qh5 Nxc1 17. Raxc1 Qf6 18. Rfe1 c6 19. Qc5 Be6 20. a4 Rfd8 21. a5 Bd5 22. c4 Bxg2 23. Kxg2 g6 24. Rb1 Rd7 25. Re3 a6 26.
Rbe1 Rf8 27. Rb3 Rfd8 28. Re4 h5 29. h4 Rd3 30. Rf4 Qxf4 31. gxf4 Rxb3 32. Qe7 Rd2 33. f5 Rbb2 34. Qe8+ Kg7 35. Qe5+ Kg8 36. Qe8+ Kg7 37. Qe5+ Kh7 38. fxg6+ fxg6 39. Qe7+ Kg8 40. Qe8+ Kg7 41. Qe7+ Kg8 42. Qe8+ Kg7 43. Qe7+ Kg8 1/2-1/2

[Event "Early-Titled-Tuesday-Blitz-November-28-2023"]
[Site "Chess.com"]
[Date "2023.11.28"]
[Round "6"]
[White "The_Straightforward_Rook"]
[Black "DarZay"]
[Result "1-0"]
[WhiteElo "2472"]
[BlackElo "2246"]
[TimeControl "180+1"]
[EndTime "9:13:03 PST"]
[Termination "The_Straightforward_Rook won on time"]

1. e4 c5 2. c3 Nf6 3. e5 Nd5 4. Nf3 d6 5. Bc4 e6 6. d4 cxd4 7. cxd4 Nb6 8. Bb3 d5 9. O-O Be7 10. Nc3 O-O 11. Qd3 f5 12. exf6 Bxf6 13. Bc2 g6 14.
Bh6 Bg7 15. Bxg7 Kxg7 16. Rae1 Nc6 17. a3 Bd7 18. h4 Rxf3 19. Qxf3 Nxd4 20. Qd3 Nxc2 21.
Qxc2 Qxh4 22. Re2 Rf8 23. Rfe1 Rf5 24. Re3 Nc4 25. Rh3 Qd4 26. Nd1 e5 27. Ne3 Nxe3 28.
Rhxe3 e4 29. Rd1 Qe5 30. Rc3 Bc6 31. b4 Rh5 32. Rg3 d4 33. a4 d3 34. Qb3 Bd5 35.
Qa3 e3 36. Qxd3 exf2+ 37. Kxf2 Rf5+ 38. Kg1 Qb2 39. Qd4+ Qxd4+ 40. Rxd4 a6 41. b5 axb5 42. axb5 Be6 43. Rd6 1-0

[Event "Early-Titled-Tuesday-Blitz-November-28-2023"]
[Site "Chess.com"]
[Date "2023.11.28"]
[Round "6"]
[White "Sofia_Blokhin"]
[Black "secretsuperstar7"]
[Result "1-0"]
[WhiteElo "2270"]
[BlackElo "2444"]
[TimeControl "180+1"]
[EndTime "9:13:03 PST"]
[Termination "Sofia_Blokhin won by checkmate"]

1. d4 Nf6 2. c4 e6 3. Nc3 Bb4 4.
e3 d5 5. Nf3 O-O 6. cxd5 exd5 7. Bd3 c6 8. Ne5 Nbd7 9. f4 Ne4 10. O-O f5 11. Nxe4 fxe4 12. Bxe4 Nxe5 13. dxe5 Bc5 14. Bxh7+ Kxh7 15. Qc2+ Bf5 16. Qxc5 Be4 17. b3 Qh4 18. Bb2 Rf5 19. g3 Qh3 20. Rf2 Rh5 21. Rd2 Rh8 22. Qe7 Kg6 23. e6 Qxg3+ 24. Kf1 Qf3+ 25. Rf2 Bd3+ 26.
Ke1 Qxe3+ 27. Kd1 Qxf2 28. Qf7+ Kh6 29. Qxg7# 1-0

[Event "Early-Titled-Tuesday-Blitz-November-28-2023"]
[Site "Chess.com"]
[Date "2023.11.28"]
[Round "6"]
[White "ActorXu"]
[Black "ElDivis"]
[Result "1-0"]
[WhiteElo "2842"]
[BlackElo "2501"]
[TimeControl "180+1"]
[EndTime "9:13:04 PST"]
[Termination "ActorXu won by resignation"]

1. e4 c5 2. Nf3 d6 3. d4 cxd4 4. Nxd4 Nf6 5. Nc3 g6 6. Be3 Bg7 7. f3 O-O 8. Qd2 Nc6 9. g4 Bxg4 10. fxg4 Nxg4 11. Nb3 d5 12. exd5 Bxc3 13. bxc3 Nxe3 14.
Qxe3 Qxd5 15. Rg1 Rad8 16. Bd3 Qh5 17. Qe2 Qh4+ 18. Qf2 Qh5 19. Qe2 Qh4+ 20. Rg3 a5 21. O-O-O Qa4 22. Kb2 Qh4 23. Rdg1 Qf6 24. Rf3 Qh4 25.
Rfg3 Qf6 26. a4 Nb4 27. Bc4 e6 28. h4 Nd5 29. h5 Nb6 30. Bb5 Nd5 31. hxg6 hxg6 32.
Qe4 Rc8 33. Rxg6+ fxg6 34. Rxg6+ Kf7 35. Rxf6+ Kxf6 36. Bd7 Rc6 37. Bxc6 bxc6 38. Nxa5 Rb8+ 39. Nb3 c5 40. a5 Rc8 41. Qc4 Ne3 42. Qf4+ Nf5 43. a6 1-0

[Event "Early-Titled-Tuesday-Blitz-November-28-2023"]
[Site "Chess.com"]
[Date "2023.11.28"]
[Round "6"]
[White "GP9isback23"]
[Black "K_A_S_T_O_R"]
[Result "0-1"]
[WhiteElo "2624"]
[BlackElo "2857"]
[TimeControl "180+1"]
[EndTime "9:13:08 PST"]
[Termination "K_A_S_T_O_R won on time"]

1. d4 Nf6 2. Nf3 e6 3. c4 c5 4. e3 a6 5. Be2 d5 6. cxd5 exd5 7. O-O c4 8. b3 b5 9. a4 Bb7 10. axb5 axb5 11. Rxa8 Bxa8 12. Ne5 Nbd7 13. bxc4 dxc4 14. Nc3 Qb8 15. Nxd7 Nxd7 16. Bg4 Nf6 17. Bf3 Bb4 18. Bxa8 Bxc3 19. Bc6+ Kf8 20. e4 Qb6 21. d5 Nxe4 22. Be3 Qa5 23. Qb1 Nd2 24. Bxd2 Bxd2 25. Bxb5 c3 26.
d6 g6 27. Qd3 Qb6 28. Ra1 Kg7 29.
d7 Rd8 30. g3 Qc5 31. Kg2 Bg5 32. h4 Bf6 33. Rc1 Rb8 34. Bc4 Qc6+ 35. Qd5 Qxd5+ 36. Bxd5 Kf8 37. Bc6 Ke7 38. Rc2 Kd6 39. Ba4 Kc5 0-1

[Event "Early-Titled-Tuesday-Blitz-November-28-2023"]
[Site "Chess.com"]
[Date "2023.11.28"]
[Round "6"]
[White "carokannlover213"]
[Black "tusplingher"]
[Result "1-0"]
[WhiteElo "2678"]
[BlackElo "2509"]
[TimeControl "180+1"]
[EndTime "9:13:09 PST"]
[Termination "carokannlover213 won on time"]

1. Nf3 d5 2. d4 Nf6 3. Bf4 c5 4. e3 Nc6 5. Nbd2 e6 6. c3 cxd4 7. exd4 Bd6 8. Bxd6 Qxd6 9. Bb5 O-O 10. O-O Bd7 11. Re1 Rac8 12. Bxc6 bxc6 13. b4 a5 14. a3 Ra8 15. Ne5 Rfb8 16. h3 Be8 17. Qe2 Qc7 18. f3 c5 19. bxc5 Rb2 20. Reb1 Qb7 21. Qd1 Rb8 22. Rxb2 Qxb2 23. Rb1 Qxc3 24. Rxb8 Qxd4+ 25.
Kh1 Qxe5 26. Ra8 g6 27. Qc1 Kg7 28. c6 Bxc6 29. Qxc6 Qe1+ 30. Kh2 Qxd2 31. Qd6 Nh5 32. Qf8+ Kf6 33. Qh8+ Kf5 34. Qb8 Nf4 35. Qb1+ Kg5 36. Qf1 Ne2 37. Qf2 Qf4+ 38. g3 Qd2 39. Rb8 Kf6 40. Rb1 d4 41. Re1 d3 42. f4 Qc3 43.
Rd1 Qc2 44. Re1 Nd4 45. Kg2 1-0

[Event "Early-Titled-Tuesday-Blitz-November-28-2023"]
[Site "Chess.com"]
[Date "2023.11.28"]
[Round "6"]
[White "GoValya"]
[Black "zeitnotakrobat"]
[Result "0-1"]
[WhiteElo "2215"]
[BlackElo "2410"]
[TimeControl "180+1"]
[EndTime "9:13:09 PST"]
[Termination "zeitnotakrobat won by resignation"]

1. d4 f5 2. g3 Nf6 3. Bg2 g6 4. c4 Bg7 5. Nc3 O-O 6. Nh3 d6 7. d5 Na6 8. O-O Nc5 9. Nf4 Bd7 10. Be3 a5 11. Bxc5 dxc5 12. e4 fxe4 13. Nxe4 Nxe4 14.
Bxe4 Bxb2 15. Rb1 Be5 16. Nd3 Bd4 17. Rxb7 Bh3 18. Bg2 Bxg2 19. Kxg2 Qd6 20. Qg4 Rf5 21.
Rfb1 Raf8 22. Rb8 e6 23. Rxf8+ Kxf8 24. dxe6 Qxe6 25. Qh4 Kg7 26. Re1 Rxf2+ 27. Kh1 Qc6+ 28. Qe4 Qxe4+ 29. Rxe4 Rxa2 30. Re7+ Kh6 31. Rxc7 a4 32. Nxc5 a3 33. Ne4 Re2 34. Ra7 a2 35. Nd6 a1=Q+ 36. Rxa1 Bxa1 37. c5 Rc2 38. Ne4 Rc4 0-1

[Event "Early-Titled-Tuesday-Blitz-November-28-2023"]
[Site "Chess.com"]
[Date "2023.11.28"]
[Round "6"]
[White "Andrii_Prydun"]
[Black "guillembaches"]
[Result "0-1"]
[WhiteElo "2377"]
[BlackElo "2527"]
[TimeControl "180+1"]
[EndTime "9:13:10 PST"]
[Termination "guillembaches won by resignation"]

1. e4 c5 2. d4 d6 3. d5 Nf6 4.
Nc3 g6 5. Be3 Bg7 6. f3 O-O 7.
Qd2 a6 8. a4 e6 9. dxe6 Bxe6 10. g4 Nc6 11. h4 Nd4 12. h5 Re8 13. hxg6 fxg6 14. Bg2 d5 15. g5 Nh5 16. Nh3 dxe4 17. Nxe4 Nf5 18. O-O-O Qb6 19. c3 Rad8 20. Bxc5 Rxd2 21.
Bxb6 Rxg2 22. Nc5 Bf7 23. Nxb7 Rb8 24. Rd8+ Rxd8 25. Nxd8 Bd5 26. Re1 Bf8 27. Re8 Nhg7 28. Re1 Bxf3 29. Nf4 Rxg5 30. Nfe6 Nxe6 31. Nxe6 Rg2 32.
Nc7 Re2 33. Rd1 Be4 34. Nxa6 Bh6+ 0-1

[Event "Early-Titled-Tuesday-Blitz-November-28-2023"]
[Site "Chess.com"]
[Date "2023.11.28"]
[Round "6"]
[White "Kildepiotr"]
[Black "SayonaraPonytail"]
[Result "0-1"]
[WhiteElo "2704"]
[BlackElo "2553"]
[TimeControl "180+1"]
[EndTime "9:13:12 PST"]
[Termination "SayonaraPonytail won on time"]

1. Nf3 d5 2. g3 Nf6 3. Bg2 Bf5 4. c4 c6 5. cxd5 cxd5 6. O-O Nc6 7. d3 h6 8. Qb3 Na5 9. Qa4+ Bd7 10. Qc2 Rc8 11. Nc3 Nc6 12. e4 d4 13. Nd5 e5 14. Bd2 Bd6 15. Rfc1 O-O 16. Qb3 b6 17. Nxf6+ Qxf6 18. Nh4 Bc5 19. a3 a5 20. Qd1 Ra8 21. Qf1 a4 22. Bh3 Be6 23. Nf5 Rfc8 24. f4 Bf8 25.
Kh1 Na5 26. Rxc8 Rxc8 27. fxe5 Qxe5 28. Bf4 Qb5 29. Rd1 Qxb2 30. Be5 Rc2 31. Bg2 Nb3 32.
h4 f6 33. Bd6 Bxf5 34. Bxf8 Bg4 35. Bxg7 Rf2 36. Qg1 Bxd1 0-1

[Event "Early-Titled-Tuesday-Blitz-November-28-2023"]
[Site "Chess.com"]
[Date "2023.11.28"]
[Round "6"]
[White "MITerryble"]
[Black "GMKrikor"]
[Result "1-0"]
[WhiteElo "2965"]
[BlackElo "2787"]
[TimeControl "180+1"]
[EndTime "9:13:13 PST"]
[Termination "MITerryble won by resignation"]

1. d4 Nf6 2. Bg5 d5 3. e3 c5 4. c3 Nc6 5. Nf3 Ne4 6. Bf4 Qb6 7. Qb3 c4 8. Qc2 Bf5 9. Qc1 f6 10. h3 e5 11. dxe5 fxe5 12. Nxe5 Bc5 13. Nxc6 bxc6 14. Nd2 O-O 15. Be2 Nxf2 16. Kxf2 Bd3 17. g3 g5 18.
Bxd3 cxd3 19. Kg2 gxf4 20. exf4 Rae8 21. Re1 Re2+ 22. Rxe2 dxe2 23. Nf3 Re8 24. Qd2 Bf2 25. b3 Qc5 26. Rc1 a6 27. c4 dxc4 28. Rxc4 Qb6 29. Rc1 Qe3 30. Qxe3 Bxe3 31. Re1 Bc5 32. Ne5 Bd6 33.
Rxe2 c5 34. Kf3 Kg7 35. Nc4 Rxe2 36. Kxe2 Bc7 37. Kf3 Kf6 38. g4 1-0

[Event "Early-Titled-Tuesday-Blitz-November-28-2023"]
[Site "Chess.com"]
[Date "2023.11.28"]
[Round "6"]
[White "LeoLV10"]
[Black "elohunter1999"]
[Result "0-1"]
[WhiteElo "2536"]
[BlackElo "2722"]
[TimeControl "180+1"]
[EndTime "9:13:13 PST"]
[Termination "elohunter1999 won on time"]

1. e4 e6 2. d4 d5 3. e5 c5 4. c3 Nc6 5. Nf3 Bd7 6. a3 Rc8 7. Bd3 cxd4 8. cxd4 Qb6 9. Be2 Na5 10. Nc3 Ne7 11.
O-O Nc4 12. Rb1 Ng6 13. h4 Be7 14. h5 Nh4 15. Nxh4 Bxh4 16. Qd3 h6 17. b3 Na5 18.
Bd2 Be7 19. b4 Nc4 20. Bc1 O-O 21. Qg3 Kh8 22. Rd1 f6 23. Rb3 fxe5 24. dxe5 Rf7 25. Nb1 Rcf8 26. Rf3 Rxf3 27. Bxf3 Be8 28. Nc3 Rf5 29. Be2 Nxe5 30. Bf4 Nc6 31. Bd3 Rxh5 32. Re1 e5 33. Bd2 e4 34. Nxd5 Rxd5 35. Bxh6 gxh6 36. Bxe4 Re5 0-1

[Event "Early-Titled-Tuesday-Blitz-November-28-2023"]
[Site "Chess.com"]
[Date "2023.11.28"]
[Round "6"]
[White "Sychev_on_YouTube"]
[Black "AlexPapasimakopoulos"]
[Result "1/2-1/2"]
[WhiteElo "2920"]
[BlackElo "2635"]
[TimeControl "180+1"]
[EndTime "9:13:14 PST"]
[Termination "Game drawn by repetition"]

1. e4 e6 2. Nf3 d5 3. e5 c5 4. c3 Nc6 5. d4 Bd7 6. Be2 f6 7. O-O fxe5 8. Nxe5 Nxe5 9. dxe5 Qc7 10. Re1 O-O-O 11.
Bf1 Nh6 12. a4 Nf7 13. Na3 a6 14. Bf4 g5 15. Bg3 h5 16. h3 Bg7 17. Qd2 g4 18. h4 Nh6 19. Bd3 Rdf8 20. b4 c4 21. Bc2 Nf5 22.
Bxf5 Rxf5 23. Nc2 Bh6 24. Qe2 Rhf8 25. Ne3 Rxe5 26. Nxd5 Rxe2 27. Nxc7 Rxe1+ 28. Rxe1 Bd2 29. Rd1 Bf4 30. Bxf4 Rxf4 31. Na8 Bc6 32. a5 Re4 33. Kf1 Rf4 34. Nb6+ Kc7 35. Na8+ Kc8 36. g3 Re4 37. Nb6+ Kc7 38. Na8+ Kc8 39. Nb6+ Kc7 40.
Rd2 Re5 41. Na8+ Kc8 42. Nb6+ Kc7 43. Na8+ Kc8 44. Nb6+ Kc7 1/2-1/2

[Event "Early-Titled-Tuesday-Blitz-November-28-2023"]
[Site "Chess.com"]
[Date "2023.11.28"]
[Round "6"]
[White "Meri-Arabidze"]
[Black "Zurability"]
[Result "0-1"]
[WhiteElo "2691"]
[BlackElo "2866"]
[TimeControl "180+1"]
[EndTime "9:13:14 PST"]
[Termination "Zurability won on time"]

1. Nf3 d5 2. c4 e6 3. g3 Nf6 4. Bg2 Be7 5. O-O O-O 6. d4 a5 7. Nc3 c6 8. b3 b6 9. Bb2 Bb7 10. Qc2 Na6 11. Rad1 Rc8 12. Ne5 Nd7 13. e4 Nxe5 14.
dxe5 d4 15. a3 c5 16. Ne2 a4 17. bxa4 Bc6 18. a5 b5 19. cxb5 Bxb5 20. a4 Bc6 21.
Qd2 Nb4 22. f4 Qxa5 23. f5 exf5 24. exf5 Bxg2 25. f6 Rfe8 26. Kxg2 Bf8 27. Nf4 Rxe5 28. fxg7 Bxg7 29. Rde1 Rxe1 30. Rxe1 Qxa4 31. Nh5 Qc2 32. Qxc2 Nxc2 33. Re7 d3 34. Nxg7 d2 35. Rd7 Nd4 36. Bxd4 d1=Q 37. Nf5 Qc2+ 0-1

[Event "Early-Titled-Tuesday-Blitz-November-28-2023"]
[Site "Chess.com"]
[Date "2023.11.28"]
[Round "6"]
[White "belisarius64"]
[Black "jaskol95"]
[Result "0-1"]
[WhiteElo "2695"]
[BlackElo "2549"]
[TimeControl "180+1"]
[EndTime "9:13:14 PST"]
[Termination "jaskol95 won on time"]

1. Nf3 d5 2. e3 Nf6 3. c4 c6 4. b3 Bg4 5. Bb2 e6 6. Be2 Be7 7. O-O Nbd7 8. d3 h6 9. Nbd2 O-O 10. h3 Bh5 11. Ne5 Bxe2 12. Qxe2 Nxe5 13. Bxe5 Nd7 14. Bb2 Bf6 15. Nf3 Bxb2 16. Qxb2 Qf6 17.
Qc2 Rac8 18. Rad1 e5 19. d4 e4 20. Nd2 Qg6 21. f4 f5 22. b4 Qg3 23. Rde1 Rf6 24.
Rf2 Rg6 25. cxd5 Qxh3 26. Qb3 Kh7 27. d6 Qh4 28. Nc4 Nf6 29. Ne5 Ng4 30. Nxg4 fxg4 31. d7 g3 32. Rd2 Qh2+ 33. Kf1 Rd8 34. Qf7 Qh1+ 35. Ke2 Qxg2+ 36. Kd1 Qf3+ 37. Kc2 g2 38. Qe7 g1=Q 39. Rxg1 Rxg1 40. Qxd8 Qf1 41. Kb3 b5 0-1

[Event "Early-Titled-Tuesday-Blitz-November-28-2023"]
[Site "Chess.com"]
[Date "2023.11.28"]
[Round "6"]
[White "Cheer_Down"]
[Black "viktorskliarov"]
[Result "0-1"]
[WhiteElo "2486"]
[BlackElo "2628"]
[TimeControl "180+1"]
[EndTime "9:13:15 PST"]
[Termination "viktorskliarov won by resignation"]

1. d4 Nf6 2. Nf3 g6 3. Bf4 Bg7 4. e3 d6 5. Be2 O-O 6. O-O c5 7. c3 Qb6 8. Qb3 Be6 9. Qxb6 axb6 10. a3 Nc6 11. Nbd2 Nh5 12. Bg5 h6 13. Bh4 g5 14. Bg3 Nxg3 15. hxg3 Na5 16. Rad1 Nb3 17. Nxb3 Bxb3 18. Rc1 Ra5 19. Nd2 Be6 20. Nc4 Bxc4 21.
Bxc4 b5 22. Bd5 b6 23. f4 e6 24. Bf3 gxf4 25. gxf4 b4 26. axb4 cxb4 27. cxb4 Rb5 28. Rc2 Rxb4 29. Ra1 e5 30. dxe5 dxe5 31. Ra7 exf4 32.
exf4 Rxf4 33. b3 Bd4+ 34. Kh2 Bc5 35. Bd5 Kg7 36. Re2 Rd8 37. Re4 Rf5 38. Rg4+ Kf8 39. Bc4 b5 40. Ra5 bxc4 41. Rxc4 Bd6+ 0-1

[Event "Early-Titled-Tuesday-Blitz-November-28-2023"]
[Site "Chess.com"]
[Date "2023.11.28"]
[Round "6"]
[White "karinachess1"]
[Black "Qvalda"]
[Result "0-1"]
[WhiteElo "2574"]
[BlackElo "2425"]
[TimeControl "180+1"]
[EndTime "9:13:15 PST"]
[Termination "Qvalda won by resignation"]

1. d4 d5 2. c4 dxc4 3. Nf3 Nf6 4. e3 Bg4 5. h3 Bh5 6. Bxc4 e6 7. Nc3 Nbd7 8. Qe2 Bb4 9. O-O O-O 10. e4 e5 11. g4 Nxg4 12. hxg4 Bxg4 13. d5 f5 14. Qe3 Bc5 15. d6+ Kh8 16. dxc7 Qe8 17. Qg5 Bxf3 18.
exf5 Be7 19. Qg3 Rxf5 20. Be6 Rf6 21. Bg4 Bxg4 22. Ne4 Rg6 23. Kh2 Bf5 24. Qf3 Bxe4 25. Qxe4 Rc8 26. Be3 Nf6 27. Qf5 Ng4+ 28. Kh1 Nxe3 29.
fxe3 Rf6 30. Qh3 Rxc7 31. Rxf6 Bxf6 32. Rc1 Rxc1+ 0-1

[Event "Early-Titled-Tuesday-Blitz-November-28-2023"]
[Site "Chess.com"]
[Date "2023.11.28"]
[Round "6"]
[White "Statham_l3"]
[Black "Crasmus"]
[Result "0-1"]
[WhiteElo "2553"]
[BlackElo "2280"]
[TimeControl "180+1"]
[EndTime "9:13:16 PST"]
[Termination "Crasmus won on time"]

1. e4 c5 2. Nf3 e6 3. d4 cxd4 4. Nxd4 a6 5. Bd3 Qc7 6. Nc3 Nf6 7. Qe2 Bb4 8. Bd2 Nc6 9. Nxc6 dxc6 10. e5 Nd5 11. O-O Nxc3 12. bxc3 Be7 13. Rae1 c5 14. Be4 Bd7 15. f4 Bc6 16. f5 Bxe4 17. Qxe4 O-O-O 18. Bf4 Rd5 19. f6 gxf6 20. exf6 Bd6 21. h3 Bxf4 22.
Rxf4 Rg8 23. Rg4 Rgd8 24. Rg7 Rd2 25. Qe5 Qc6 26. Qe4 Qd6 27. Rxf7 Rd7 28. Rxd7 Qxd7 29. Qxe6 Qxe6 30. Rxe6 Kd7 31. Re7+ Kd6 32. Rxb7 Rd1+ 33. Kh2 Rf1 34. Ra7 Kd5 35. Rxa6 Kc4 36. Rc6 Kb5 0-1

[Event "Early-Titled-Tuesday-Blitz-November-28-2023"]
[Site "Chess.com"]
[Date "2023.11.28"]
[Round "6"]
[White "RebecaJimnz"]
[Black "RodokininEV"]
[Result "0-1"]
[WhiteElo "2314"]
[BlackElo "2614"]
[TimeControl "180+1"]
[EndTime "9:13:17 PST"]
[Termination "RodokininEV won on time"]

1. e4 c5 2. Nc3 a6 3. g3 b5 4. Bg2 Bb7 5. d3 e6 6. Nge2 b4 7. Nb1 d5 8. exd5 Bxd5 9. O-O Nf6 10. Bg5 Be7 11. Nf4 Bxg2 12. Nxg2 Nc6 13. Nd2 Nd4 14.
Ne3 O-O 15. Bxf6 Bxf6 16. Ne4 Be7 17. c3 Nf5 18. Qe2 a5 19. Nxf5 exf5 20. Nd2 Bf6 21.
Rac1 Re8 22. Qf3 g6 23. Nc4 a4 24. a3 bxc3 25. bxc3 Qc7 26. Ne3 Bg7 27. Nd5 Qa5 28.
Rfe1 Rxe1+ 29. Rxe1 Rd8 30. Ne7+ Kf8 31. Qb7 Qa8 32.
Qb5 Bxc3 33. Rc1 Bd4 34. Nc6 Re8 35. Nxd4 cxd4 36. Qc5+ Kg8 37. Qxd4 Qf3 38. Qxa4 Re2 39. Qd4 Re8 40. Qd7 Qa8 41. d4 Rd8 0-1

[Event "Early-Titled-Tuesday-Blitz-November-28-2023"]
[Site "Chess.com"]
[Date "2023.11.28"]
[Round "6"]
[White "TigrVShlyape"]
[Black "nochewycandy"]
[Result "1-0"]
[WhiteElo "2972"]
[BlackElo "2763"]
[TimeControl "180+1"]
[EndTime "9:13:18 PST"]
[Termination "TigrVShlyape won by resignation"]

1. d4 d5 2. Bf4 c5 3. e3 Nc6 4. c3 Bf5 5. Nd2 e6 6. Qb3 Qd7 7. a4 Nf6 8. Ngf3 a6 9. Be2 c4 10. Qa2 Be7 11. O-O O-O 12. b3 cxb3 13. Qxb3 Rfc8 14. Rfc1 Ne4 15. Nxe4 Bxe4 16. Nd2 Bg6 17. h3 Bd6 18. Bxd6 Qxd6 19. a5 Rc7 20. c4 dxc4 21.
Nxc4 Qe7 22. Nb6 Rd8 23. Bf3 Nxa5 24. Rxc7 Nxb3 25. Rxe7 Nxa1 26. Rxb7 a5 27. Ra7 Nb3 28. Bd1 Nd2 29. Rxa5 Rb8 30. Ra8 Rxa8 31. Nxa8 Kf8 32.
Nb6 Ke7 33. f3 Nb1 34. Na4 Na3 35. Be2 Nc2 36. Kf2 Nb4 37. e4 Kd6 38. Bd1 f6 39. Ke3 Be8 40. Nc3 Bc6 41. h4 h6 42.
g3 g5 43. Bb3 Be8 44. f4 Bg6 45. Nb5+ Ke7 46. Nc7 Kd6 47. Nxe6 Nc2+ 48. Bxc2 1-0

[Event "Early-Titled-Tuesday-Blitz-November-28-2023"]
[Site "Chess.com"]
[Date "2023.11.28"]
[Round "6"]
[White "Pendos666"]
[Black "FoxOnTheRun97"]
[Result "1-0"]
[WhiteElo "2804"]
[BlackElo "2573"]
[TimeControl "180+1"]
[EndTime "9:13:18 PST"]
[Termination "Pendos666 won by checkmate"]

1. e4 c6 2. d4 d5 3. e5 Bf5 4. h4 h5 5. c4 e6 6. Nc3 Ne7 7. Bg5 Qb6 8. Qd2 dxc4 9. Bxc4 Nd5 10. Nge2 Qb4 11. Bd3 Bxd3 12. Qxd3 Nd7 13. O-O Be7 14.
a3 Qa5 15. b4 Qc7 16. Nxd5 cxd5 17. Bxe7 Kxe7 18. Rfc1 Qb6 19. Qg3 g6 20. Qg5+ Kf8 21. Rc3 Kg7 22. Rac1 Rad8 23. Rf3 Rhf8 24. Nf4 Kh7 25.
Nxh5 Qxd4 26. Re1 Rc8 27. Nf4 Rc3 28. Rxc3 Qxc3 29. Re3 Qa1+ 30. Kh2 Kg7 31. h5 Rh8 32. g4 Qd4 33. Kg2 Kf8 34. Qd8+ Kg7 35. Nxe6+ fxe6 36. Qxd7+ Kh6 37. Qxe6 Rg8 38. Rf3 Rg7 39. Rf8 Qe4+ 40. Kg3 Qd3+ 41. f3 Qd1 42. Rh8+ Kg5 43. Qf6# 1-0

[Event "Early-Titled-Tuesday-Blitz-November-28-2023"]
[Site "Chess.com"]
[Date "2023.11.28"]
[Round "6"]
[White "sergeikim"]
[Black "Kostukov_Alex"]
[Result "1-0"]
[WhiteElo "2588"]
[BlackElo "2405"]
[TimeControl "180+1"]
[EndTime "9:13:18 PST"]
[Termination "sergeikim won on time"]

1. d4 g6 2. c4 Bg7 3. Nc3 d6 4.
e4 e5 5. Nge2 exd4 6. Nxd4 Nc6 7. Nxc6 bxc6 8. g3 Ne7 9. Bg2 O-O 10. O-O Be6 11. Qe2 Rb8 12. Rd1 c5 13. Nd5 Nc6 14. Rb1 Nd4 15. Qd3 Bxd5 16. cxd5 f5 17. Be3 fxe4 18. Qxe4 Rb4 19. Kh1 Nf5 20. Qe6+ Kh8 21.
Bd2 Re8 22. Qf7 Rf8 23. Qe6 Rxb2 24. Rxb2 Bxb2 25. Qe2 Bd4 26. f4 Re8 27. Qa6 Ne3 28. Bxe3 Rxe3 29. Qxa7 Qe7 30. Qa6 Re2 31. a4 Kg7 32. Qd3 h5 33. f5 Re1+ 34. Rxe1 Qxe1+ 35. Qf1 Bc3 36. fxg6 Kxg6 37. Bh3 Qxf1+ 38. Bxf1 Kf6 39. Be2 Ke5 40. Bxh5 Kxd5 41. Bd1 Kc4 42. h4 1-0

[Event "Early-Titled-Tuesday-Blitz-November-28-2023"]
[Site "Chess.com"]
[Date "2023.11.28"]
[Round "6"]
[White "tylityli"]
[Black "LimeInTheCoconut"]
[Result "1-0"]
[WhiteElo "2276"]
[BlackElo "2390"]
[TimeControl "180+1"]
[EndTime "9:13:18 PST"]
[Termination "tylityli won on time"]

1. d4 g6 2. c4 Bg7 3. e4 d6 4. Nc3 Nc6 5. d5 Nd4 6. Be3 e5 7. Nge2 Nxe2 8. Bxe2 f5 9. exf5 gxf5 10. Bh5+ Kf8 11.
f4 e4 12. O-O Nf6 13. Be2 h5 14. Bd4 Ng4 15. h3 Qh4 16. Bxg7+ Kxg7 17. Qd4+ Kg8 18.
Nxe4 fxe4 19. Qxe4 Kg7 20. f5 Qg3 21. hxg4 hxg4 22. Qxg4+ Qxg4 23. Bxg4 Kf6 24. Rae1 Bd7 25. Bh3 Rag8 26. Re3 Rg5 27. Rff3 Rh4 28. b3 Rd4 29. Kf2 Rd2+ 30. Re2 Rd1 31. Rg3 Rh5 32. Rg6+ Kf7 33. Bg4 Rh4 34. Kg3 Rxg4+ 35. Kxg4 Rf1 36. Rg5 1-0